Map: Newkirk Precinct TE (Void)

Players

ShoWTimE - Winner!

  • Race: Protoss Protoss
  • Spawn Location: 5:00

GAMETIME

  • Race: Zerg Zerg
  • Spawn Location: 7:00

Event: WCS Austin 2017

VOD

Have the link to the VOD?

Description

Time

  • Played on: April 28, 2017, 7:50 p.m.
  • Length: 15:45

All games in this series

Show
View Real Time Build Order
Export as new Build Order

ShoWTimE Protoss - Winner!

Build Orders: 1 Gate Expand, Zealot Archon, Dark Templar Rush 

Get SALT Encoding   

  12  0:01  Probe (Chrono Boost)  
  13  0:11  Probe (Chrono Boost)  
  14  0:19  Pylon  
  14  0:22  Probe (Chrono Boost)  
  15  0:37  Probe (Chrono Boost)  
  15  0:40  Gateway  
  16  0:44  Assimilator  
  16  0:49  Probe (Chrono Boost)  
  17  0:59  Probe (Chrono Boost)  
  18  1:10  Probe (Chrono Boost)  
  19  1:23  Probe (Chrono Boost)  
  20  1:27  Nexus  
  20  1:36  Cybernetics Core  
  20  1:39  Probe (Chrono Boost)  
  21  1:44  Assimilator  
  21  1:50  Probe (Chrono Boost)  
  22  1:54  Pylon  
  22  2:00  Probe (Chrono Boost)  
  23  2:10  Adept  
  23  2:13  Warp Gate  
  23  2:14  Probe (Chrono Boost)  
  26  2:26  Probe (Chrono Boost)  
  26  2:28  Twilight Council  
  27  2:33  Stalker  
  30  2:38  Probe (Chrono Boost)  
  30  2:39  Probe (Chrono Boost)  
  31  2:50  Probe x2 (Chrono Boost)  
  33  3:00  Probe (Chrono Boost)  
  33  3:02  Probe (Chrono Boost)  
  35  3:11  Robotics Facility, Probe (Chrono Boost)  
  36  3:14  Probe (Chrono Boost)  
  37  3:20  Dark Shrine  
  37  3:21  Probe (Chrono Boost)  
  37  3:25  Probe (Chrono Boost)  
  39  3:27  Pylon  
  39  3:30  Gateway  
  39  3:36  Probe (Chrono Boost)  
  39  3:37  Probe (Chrono Boost)  
  41  3:46  Probe (Chrono Boost)  
  41  3:47  Assimilator  
  44  3:49  Mothership Core (Chrono Boost), Assimilator  
  44  3:53  Warp Prism  
  44  3:57  Probe (Chrono Boost)  
  47  4:03  Pylon  
  47  4:07  Probe (Chrono Boost)  
  47  4:08  Probe (Chrono Boost)  
  49  4:18  Probe (Chrono Boost)  
  49  4:21  Probe (Chrono Boost), Pylon  
  51  4:28  Probe (Chrono Boost)  
  53  4:31  Observer  
  53  4:32  Dark Templar x2  
  53  4:33  Probe (Chrono Boost)  
  58  4:39  Probe (Chrono Boost)  
  58  4:42  Nexus  
  59  4:47  Pylon  
  59  4:49  Probe (Chrono Boost)  
  59  4:50  Probe (Chrono Boost)  
  61  4:56  Immortal  
  65  5:08  Dark Templar x2  
  65  5:09  Archon  
  65  5:12  Archon  
  65  5:13  Probe (Chrono Boost), Pylon  
  71  5:15  Probe (Chrono Boost)  
  71  5:19  Forge  
  71  5:25  Probe (Chrono Boost)  
  71  5:26  Gateway  
  71  5:27  Probe (Chrono Boost)  
  73  5:37  Protoss Ground Weapons Level 1  
  73  5:41  Charge  
  73  5:50  Immortal  
  73  5:54  Gateway  
  73  5:55  Probe x2 (Chrono Boost), Sentry x2  
  83  5:58  Probe (Chrono Boost)  
  84  6:04  Gateway  
  84  6:07  Probe (Chrono Boost)  
  84  6:09  Gateway  
  85  6:11  Gateway  
  85  6:15  Gateway  
  85  6:21  Probe x3 (Chrono Boost)  
  85  6:24  Sentry x2  
  92  6:31  Immortal  
  97  6:33  Probe (Chrono Boost)  
  97  6:35  Pylon  
  97  6:37  Probe (Chrono Boost)  
  98  6:42  Pylon  
  98  6:52  Dark Templar  
  100  6:59  Pylon  
  94  7:02  Dark Templar x3  
  94  7:03  Zealot  
  94  7:07  Archon  
  102  7:10  Pylon  
  102  7:12  Assimilator  
  102  7:14  Dark Templar  
  104  7:15  Zealot  
  104  7:16  Assimilator, Zealot, Phoenix  
  104  7:17  Archon  
  104  7:20  Zealot  
  110  7:25  Pylon  
  110  7:27  Protoss Ground Weapons Level 2, Pylon  
  110  7:32  Probe (Chrono Boost), Immortal  
  110  7:33  Probe x2 (Chrono Boost)  
  117  7:45  Templar Archives  
  117  7:47  Probe (Chrono Boost), Photon Cannon  
  117  7:50  Robotics Facility  
  118  7:52  Pylon  
  118  7:54  Zealot  
  118  7:55  Pylon  
  118  7:57  Pylon  
  120  8:05  Zealot  
  120  8:06  Zealot x5  
  120  8:10  Photon Cannon  
  132  8:13  Photon Cannon  
  132  8:15  Immortal  
  132  8:19  Probe x2 (Chrono Boost)  
  138  8:22  Photon Cannon  
  138  8:24  Sentry x2  
  134  8:35  Zealot  
  134  8:39  Zealot  
  134  8:40  Zealot x3  
  123  8:44  Zealot  
  123  8:47  Zealot  
  123  8:48  Zealot  
  109  8:56  Dark Templar  
  109  8:59  Psionic Storm  
  109  9:00  Zealot x4  
  109  9:07  Immortal  
  105  9:12  High Templar x3  
  111  9:20  Pylon  
  111  9:23  High Templar x2, Pylon  
  115  9:24  Photon Cannon  
  113  9:39  Protoss Ground Weapons Level 3  
  113  9:41  Nexus  
  113  9:43  Pylon  
  113  9:46  Sentry x2  
  113  9:47  Zealot x4  
  125  9:54  Immortal  
  129  10:03  Pylon  
  129  10:04  Photon Cannon  
  129  10:08  Zealot  
  129  10:11  Zealot, Sentry x2  
  135  10:24  Archon  
  135  10:25  Zealot x4  
  135  10:31  Archon  
  135  10:32  High Templar x2  
  135  10:33  Immortal  
  143  10:49  High Templar  
  141  10:52  Zealot x3  
  141  10:53  Zealot  
  148  10:57  Probe (Chrono Boost)  
  148  11:00  Probe (Chrono Boost)  
  149  11:04  Robotics Facility  
  149  11:06  Pylon  
  149  11:07  High Templar, Photon Cannon  
  151  11:13  Immortal  
  151  11:16  High Templar  
  157  11:19  Assimilator, Probe x2 (Chrono Boost)  
  157  11:20  Probe (Chrono Boost)  
  157  11:21  Assimilator, Probe (Chrono Boost)  
  157  11:22  Zealot  
  157  11:23  Zealot x4  
  171  11:30  Stargate  
  171  11:34  Photon Cannon  
  171  11:47  High Templar x2, Zealot x4  
  171  11:48  Zealot  
  171  11:51  Gateway  
  171  11:53  Gateway, Archon  
  185  11:54  Warp Prism  
  185  11:58  Observer  
  188  12:08  Protoss Ground Armor Level 1, Photon Cannon  
  188  12:09  Pylon  
  188  12:17  Fleet Beacon  
  188  12:19  High Templar  
  188  12:20  Stargate  
  188  12:21  Stargate  
  190  12:27  Oracle  
  193  12:35  Zealot x2  
  189  12:43  High Templar  
  191  12:46  Photon Cannon  
  191  12:48  Pylon  
  191  12:52  Immortal  
  195  12:58  Immortal  
  195  13:05  Tempest  
  194  13:15  Zealot x3  
  189  13:31  Zealot x2  
  189  13:32  Zealot x3  
  195  13:48  Tempest  
  193  13:51  Pylon  
  193  13:54  Tempest  
  195  13:56  Pylon, Nexus  
  195  13:58  Pylon  
  195  13:59  Pylon  
  195  14:01  Observer  
  191  14:09  Tempest  
  194  14:12  Pylon  
  194  14:17  Pylon  
  194  14:20  High Templar x2  
  198  14:29  Photon Cannon  
  198  14:31  Photon Cannon  
  198  14:33  Photon Cannon  
  198  14:37  Photon Cannon  
  190  15:04  Zealot x5  
  198  15:25  Zealot x3  
  198  15:26  Assimilator  
  198  15:31  Assimilator  
  190  15:41  Zealot x5  
Show
View Real Time Build Order
Export as new Build Order

GAMETIME Zerg 

Build Orders: Hatch First, Lurkers 

Get SALT Encoding   

  12  0:00  Drone  
  13  0:08  Drone  
  14  0:18  Overlord  
  14  0:22  Extractor  
  14  0:24  Drone  
  15  0:37  Drone x2  
  17  0:56  Drone x2  
  19  1:02  Hatchery  
  18  1:10  Extractor  
  17  1:15  Spawning Pool  
  17  1:18  Drone  
  17  1:20  Drone  
  18  1:27  Drone  
  19  1:37  Drone  
  20  1:49  Hatchery  
  20  1:51  Drone  
  20  2:01  Queen  
  22  2:12  Metabolic Boost  
  22  2:14  Drone  
  24  2:15  Drone  
  24  2:22  Overlord  
  24  2:25  Drone  
  25  2:33  Drone x2  
  27  2:39  Queen  
  27  2:41  Zergling x2  
  27  2:43  Zergling x2  
  31  2:48  Zergling x2  
  32  2:51  Queen  
  32  2:57  Overlord  
  32  2:58  Drone  
  35  3:05  Drone x2  
  36  3:10  Drone x2  
  36  3:11  Drone  
  36  3:12  Drone  
  39  3:15  Drone  
  39  3:17  Drone  
  41  3:21  Overlord  
  41  3:23  Drone  
  42  3:29  Drone  
  42  3:30  Drone  
  44  3:36  Spore Crawler x2  
  44  3:38  Overlord, Spore Crawler  
  44  3:40  Drone  
  42  3:42  Drone  
  42  3:43  Drone  
  42  3:45  Drone  
  42  3:48  Drone  
  46  3:51  Overlord  
  46  3:53  Drone  
  46  3:55  Drone  
  48  3:56  Drone  
  48  3:58  Drone  
  49  4:05  Drone x3  
  49  4:07  Lair  
  52  4:10  Extractor  
  52  4:11  Drone  
  52  4:12  Drone  
  52  4:16  Overlord  
  53  4:17  Drone x2  
  53  4:21  Drone x2  
  53  4:22  Drone  
  58  4:24  Overlord  
  58  4:27  Drone  
  58  4:28  Queen  
  61  4:33  Queen  
  61  4:36  Zergling x2  
  61  4:37  Zergling x4  
  66  4:39  Zergling x4  
  66  4:42  Zergling x4  
  66  4:43  Zergling x2  
  71  4:46  Zergling x4  
  71  4:47  Evolution Chamber  
  71  4:48  Zergling x2  
  71  4:49  Zergling x2  
  74  4:54  Zergling x6  
  77  5:03  Drone x2  
  77  5:06  Drone x3, Hydralisk Den  
  77  5:07  Drone, Extractor  
  82  5:08  Drone, Extractor  
  82  5:09  Drone  
  82  5:10  Extractor  
  82  5:11  Overlord  
  82  5:12  Overlord  
  82  5:15  Zerg Missile Weapons Level 1  
  82  5:17  Overseer  
  82  5:31  Drone  
  82  5:32  Drone x7  
  86  5:35  Drone  
  86  5:37  Drone x4  
  86  5:38  Drone x2  
  86  5:39  Drone  
  89  5:48  Zergling x4  
  89  5:49  Zergling x2  
  88  5:50  Zergling x4  
  88  5:56  Extractor  
  88  5:59  Muscular Augments  
  88  6:00  Zergling x6  
  88  6:01  Baneling Nest  
  90  6:04  Extractor, Hatchery  
  90  6:05  Zergling x8  
  90  6:07  Hydralisk x2  
  96  6:11  Overlord  
  96  6:12  Overlord  
  96  6:20  Hydralisk, Hatchery  
  93  6:28  Drone x2  
  93  6:29  Drone  
  93  6:30  Hydralisk  
  93  6:31  Hydralisk  
  97  6:35  Hydralisk  
  97  6:38  Hydralisk  
  101  6:41  Hydralisk  
  101  6:43  Hydralisk  
  101  6:45  Hydralisk  
  107  6:47  Centrifical Hooks  
  107  6:50  Hydralisk  
  109  6:56  Hydralisk  
  109  6:57  Hydralisk  
  109  6:59  Baneling  
  109  7:00  Baneling x8  
  113  7:01  Zergling x2  
  113  7:05  Overlord  
  113  7:06  Overlord  
  114  7:11  Zerg Melee Weapons Level 1  
  114  7:13  Baneling x3  
  114  7:16  Overlord x2  
  114  7:17  Hydralisk  
  114  7:19  Hydralisk  
  114  7:22  Hydralisk  
  118  7:27  Hydralisk x2  
  118  7:28  Hydralisk  
  126  7:31  Hydralisk  
  126  7:35  Zergling x2  
  126  7:36  Zergling x8  
  132  7:39  Baneling  
  132  7:40  Baneling x4  
  132  7:42  Zergling x2  
  132  7:45  Zergling x6  
  132  7:47  Zergling x2  
  132  7:50  Hydralisk  
  138  7:53  Hydralisk  
  138  7:55  Drone x2  
  138  7:57  Hydralisk  
  144  8:00  Zergling x6  
  144  8:03  Baneling  
  144  8:04  Baneling x5  
  147  8:06  Overlord  
  147  8:08  Hydralisk  
  147  8:11  Hydralisk  
  151  8:13  Baneling  
  151  8:14  Baneling x5  
  151  8:16  Zergling x2  
  152  8:21  Hydralisk  
  152  8:22  Hydralisk  
  152  8:23  Zergling x2  
  152  8:26  Hydralisk  
  159  8:27  Baneling x3  
  151  8:37  Hydralisk  
  151  8:38  Hydralisk x3  
  142  8:42  Hydralisk  
  142  8:43  Zergling x2  
  142  8:44  Zergling x16  
  142  8:46  Zergling x2  
  146  8:50  Hydralisk  
  130  8:56  Zergling x14  
  130  8:57  Zergling x2  
  120  9:09  Drone x5  
  111  9:11  Drone x4  
  111  9:13  Drone  
  111  9:14  Drone  
  111  9:15  Drone  
  118  9:18  Drone x2  
  118  9:21  Baneling  
  118  9:22  Baneling x5  
  120  9:25  Overseer  
  120  9:28  Baneling x5  
  120  9:32  Zerg Melee Weapons Level 2  
  120  9:35  Hydralisk  
  120  9:37  Hydralisk  
  124  9:41  Drone x2  
  124  9:43  Zergling x4  
  124  9:45  Baneling  
  128  9:46  Baneling x5  
  128  9:47  Baneling  
  128  9:51  Hydralisk  
  128  9:52  Hydralisk  
  130  9:54  Queen  
  130  9:56  Hydralisk  
  130  9:58  Baneling x2  
  130  9:59  Baneling x2  
  136  10:00  Baneling x2  
  136  10:03  Hydralisk x2  
  136  10:06  Hydralisk  
  142  10:09  Baneling x2  
  142  10:10  Zergling x4  
  142  10:11  Zergling x2  
  143  10:25  Hydralisk  
  143  10:26  Hydralisk x4  
  143  10:28  Zergling x12  
  137  10:37  Drone  
  137  10:38  Drone x2  
  137  10:39  Drone  
  137  10:41  Extractor x2  
  139  10:43  Drone  
  139  10:44  Drone x2  
  139  10:46  Lurker Den  
  139  10:48  Hatchery  
  134  10:53  Hydralisk x2  
  134  10:55  Hydralisk  
  134  10:57  Hydralisk  
  140  11:01  Overlord  
  142  11:05  Hydralisk  
  142  11:09  Baneling  
  142  11:10  Baneling x10  
  144  11:12  Zergling x2  
  144  11:13  Zergling x2  
  144  11:15  Hydralisk  
  144  11:18  Hydralisk  
  148  11:20  Zergling x2  
  151  11:27  Hydralisk  
  151  11:28  Hydralisk x2  
  151  11:30  Zergling x2  
  158  11:34  Hydralisk x2  
  158  11:36  Zergling x2  
  158  11:39  Overlord  
  163  11:41  Overlord  
  163  11:43  Overlord  
  163  11:49  Overseer  
  163  11:55  Zerg Missile Weapons Level 2  
  163  11:56  Hydralisk  
  163  11:57  Hydralisk x2  
  163  11:58  Baneling  
  163  11:59  Baneling x3  
  169  12:03  Hydralisk x2  
  173  12:13  Lurker x4  
  173  12:14  Drone  
  173  12:15  Drone x4  
  182  12:19  Spine Crawler  
  182  12:22  Lurker, Spine Crawler  
  181  12:23  Lurker  
  181  12:26  Lurker  
  183  12:32  Zergling x12  
  183  12:35  Zergling x4  
  188  12:37  Hydralisk  
  188  12:39  Lurker  
  188  12:40  Lurker  
  188  12:43  Zergling x2  
  188  12:44  Zergling x4  
  195  12:49  Hydralisk x2  
  189  13:07  Zergling x2, Baneling x3  
  189  13:08  Zergling x22  
  183  13:21  Hydralisk  
  183  13:22  Hydralisk x5  
  166  13:29  Hydralisk x2  
  166  13:30  Hydralisk  
  166  13:32  Lurker  
  166  13:33  Lurker  
  164  13:36  Zergling x4  
  154  13:44  Drone  
  154  13:45  Drone x4  
  154  13:46  Drone  
  143  13:49  Hydralisk  
  143  13:51  Lurker  
  143  13:53  Lurker  
  143  13:55  Lurker  
  141  13:56  Lurker  
  141  13:58  Lurker  
  138  14:04  Lurker x2  
  138  14:05  Lurker  
  141  14:11  Zergling x2  
  141  14:12  Zergling x4  
  144  14:18  Drone x3  
  144  14:21  Lurker  
  144  14:22  Lurker  
  149  14:27  Zergling x2  
  149  14:28  Zergling x4  
  152  14:42  Hydralisk  
  152  14:43  Hydralisk x3  
  146  14:53  Hydralisk  
  146  14:54  Hydralisk x2  
  146  14:57  Hydralisk  
  146  14:58  Zergling x2  
  146  14:59  Zergling x4  
  154  15:11  Hydralisk  
  154  15:12  Hydralisk  
  154  15:13  Hydralisk  
  157  15:15  Zergling x2  
  157  15:16  Zergling x6  
  157  15:20  Hydralisk  
  158  15:22  Zergling x4  
Tags
 
Add a new tag
Caveats
  • Supply blocks, unpowered buildings, or Contaminate may cause inaccurate times.
  • Supply counts are checked every 10 seconds.